cohdb
Replays
Latest Replays
All Replays
Popular Replays
Top Player Replays
Match Explorer
How It Works
Community
CoH3 Stats
Reddit
Sign in to upload your games and track your stats! →
Sign in with Steam
Match 43023462
Unlisted
Match 43023462
Overview
Messages
Build Orders
End
Kettenkrad Recon Vehicle
Selects Italian Coastal Battlegroup
Selects Coastal Reserves
Coastal Reserve
Coastal Reserve
Construct Infanterie Kompanie
Coastal Reserve
MG 42 Machine Gun Team
MG 42 Bunker
Construct Panzergrenadier Kompanie
Support Elements
Selects Support Bunkers
Selects Rapid Fortifications
Medical Bunker
StuG III G Assault Gun
Rapid Fortifications
MG 42 Bunker
Panzergrenadier Squad
Selects Bulwark
StuG III G Assault Gun
Dredgelord
寻欢
Gremchick
Граф Гематоген
dog
ItsBrettos
vonAJ
BigKatSimba
0
0
Comments
sign in to comment!
No comments posted yet!